 Dungeon Crawl Stone Soup version 0.27.1-1-g398f81649c (webtiles) character file.

Game seed: 10858694497131685065

277600 nxtlvl the Wrestler (level 19, -3/170 HPs)
             Began as a Minotaur Transmuter on Sept 19, 2021.
             Was the Champion of Cheibriados.
             Killed from afar by an ironbound frostheart (30 damage)
             ... by creeping frost
             ... on level 1 of the Vaults on Sept 20, 2021.
             The game lasted 03:11:41 (13754 turns).

nxtlvl the Wrestler (Minotaur Transmuter)          Turns: 13754, Time: 03:11:43

Health: -3/170     AC: 32    Str: 40    XL:     19   Next: 18%
Magic:  20/23      EV: 17    Int: 25    God:    Cheibriados [******]
Gold:   1361       SH:  0    Dex: 27    Spells: 13/21 levels left

rFire    + . .     SeeInvis +     - Unarmed
rCold    + . .     Faith    .   (shield currently unavailable)
rNeg     . . .     Spirit   .   C - +0 gold dragon scales
rPois    +         Reflect  .   d - +2 hat "Qiokhlich" {Slay+2}
rElec    +         Harm     .   e - +1 cloak {rPois}
rCorr    +         Rampage  .   (gloves currently unavailable)
Will     +....                  f - +2 pair of boots {Stlth+}
Stlth    ..........             z - amulet of regeneration
HPRegen  1.38/turn              p - ring of Wanu {+Blink AC+4 Str+3}
MPRegen  0.18/turn              O - ring "Rizy" {*Slow rElec rPois rCorr SInv}

@: blade hands, wereblooded, frozen, very slow
A: horns 2, retaliatory headbutt
}: 3/15 runes: decaying, abyssal, gossamer
a: End Transformation, Renounce Religion, Evoke Blink, Bend Time, Temporal
Distortion, Slouch, Step From Time


You were on level 1 of the Vaults.
You worshipped Cheibriados.
Cheibriados was exalted by your worship.
You had blades for hands.
You visited 7 branches of the dungeon, and saw 34 of its levels.
You visited the Abyss 1 time.

You collected 3481 gold pieces.
You spent 2120 gold pieces at shops.

Inventory:

Hand Weapons
 b - a +6 arbalest of electrocution
Missiles
 g - 12 curare-tipped darts (quivered)
 v - 576 bolts
Armour
 a - a +2 pair of gloves of archery (melded)
 c - the +5 plate armour of Starshine {rPois rCorr MP-9 Stlth-}
   (You found it on level 2 of the Orcish Mines)

   rPois:     It protects you from poison.
   MP:        It affects your magic capacity (-9).
   rCorr:     It protects you from acid and corrosion.
   Stlth:     It makes you less stealthy.
 d - the +2 hat "Qiokhlich" (worn) {Slay+2}
   (You found it on level 1 of the Spider Nest)

   Slay:      It affects your accuracy & damage with ranged weapons and melee
   (+2).
 e - a +1 cloak of poison resistance (worn)
 f - a +2 pair of boots of stealth (worn)
 C - +0 gold dragon scales (worn)
Jewellery
 k - a ring of protection from fire
 l - a ring of flight
 o - a ring of fire
 p - the ring of Wanu (left blade hand) {+Blink AC+4 Str+3}
   (You found it on level 3 of the Lair of Beasts)

   [ring of protection]

   AC:        It affects your AC (+4).
   Str:       It affects your strength (+3).
   +Blink:    It lets you blink.
 z - an amulet of regeneration (around neck)
 K - a ring of ice
 L - a ring of magical power
 O - the ring "Rizy" (right blade hand) {*Slow rElec rPois rCorr SInv}
   (You acquired it on level 2 of the Orcish Mines)

   [ring of poison resistance]

   rElec:     It insulates you from electricity.
   rPois:     It protects you from poison.
   SInv:      It lets you see invisible.
   rCorr:     It protects you from acid and corrosion.
   *Slow:     It may slow you when you take damage.
 P - a +4 ring of protection
Wands
 x - a wand of polymorph (18)
 D - a wand of digging (9)
 F - a wand of flame (94)
 J - a wand of iceblast (27)
 N - a wand of charming (23)
Scrolls
 h - 4 scrolls of blinking
 j - 6 scrolls of fear
 n - a scroll of brand weapon
 y - 4 scrolls of immolation
 B - 3 scrolls of fog
 G - 11 scrolls of magic mapping
 H - a scroll of silence
 M - 13 scrolls of teleportation
 Q - 3 scrolls of holy word
Potions
 i - a potion of lignification
 m - 4 potions of might
 q - a potion of berserk rage {unknown}
 u - 4 potions of cancellation
 w - 4 potions of attraction
 A - 3 potions of invisibility
 I - 6 potions of curing
 T - 3 potions of heal wounds
 W - 2 potions of magic
 Y - 7 potions of ambrosia
 Z - a potion of resistance


   Skills:
 + Level 15.2 Fighting
 + Level 14.1 Crossbows
 * Level 14.2 Armour
 + Level 12.2 Dodging
 + Level 22.8 Unarmed Combat
 + Level 1.9 Spellcasting
 + Level 11.0 Transmutations
 - Level 7.0 Invocations


You had 13 spell levels left.
You knew the following spells:

 Your Spells              Type           Power      Damage    Failure   Level
a - Beastly Appendage     Tmut           100%       N/A       16%         1
d - Blade Hands           Tmut           27%        N/A       71%         5
s - Wereblood             Tmut           55%        N/A       19%         2

Your spell library contained the following spells:

 Spells                   Type           Power      Damage    Failure   Level
 Spider Form              Tmut/Pois      15%        N/A       73%         3
 Ignite Poison            Fire/Tmut/Pois 20%        N/A       89%         3
 Animate Skeleton         Necr           4%         N/A       95%         1
 Pain                     Necr           8%         1d4       95%         1
 Shock                    Conj/Air       8%         1d3       95%         1
 Ice Form                 Ice/Tmut       30%        N/A       95%         4
 Petrify                  Tmut/Erth      30%        N/A       95%         4
 Blink                    Tloc           N/A        N/A       98%         2
 Corpse Rot               Necr/Air       N/A        N/A       98%         2
 Sublimation of Blood     Necr           1%         N/A       98%         2
 Irradiate                Conj/Tmut      15%        3d18      99%         5
 Call Canine Familiar     Summ           2%         N/A       100%        3
 Conjure Flame            Conj/Fire      2%         6-21      100%        3
 Gell's Gravitas          Tloc           1%         N/A       100%        3
 Lesser Beckoning         Tloc           1%         N/A       100%        3
 Portal Projectile        Hex/Tloc       4%         N/A       100%        3
 Stone Arrow              Conj/Erth      4%         3d7       100%        3
 Summon Guardian Golem    Hex/Summ       2%         N/A       100%        3
 Swiftness                Air            2%         N/A       100%        3
 Teleport Other           Tloc           2%         N/A       100%        3
 Vampiric Draining        Necr           1%         2d6       100%        3
 Airstrike                Air            1%         N/A       100%        4
 Animate Armour           Summ/Erth      4%         N/A       100%        4
 Cause Fear               Hex            1%         N/A       100%        4
 Dispel Undead            Necr           2%         3d7       100%        4
 Leda's Liquefaction      Hex/Erth       1%         N/A       100%        4
 Sticky Flame             Conj/Fire      2%         2d3       100%        4
 Summon Lightning Spire   Summ/Air       2%         N/A       100%        4
 Excruciating Wounds      Necr           1%         N/A       100%        5
 Lightning Bolt           Conj/Air       1%         1d12      100%        5
 Manifold Assault         Tloc           2%         N/A       100%        5
 Death Channel            Necr           1%         N/A       100%        6
 Dispersal                Tloc           1%         N/A       100%        6
 Orb of Destruction       Conj           1%         N/A       100%        7
 Spellforged Servitor     Conj/Summ      1%         N/A       100%        7
 Disjunction              Tloc           1%         N/A       100%        8
 Lehudib's Crystal Spear  Conj/Erth      1%         10d2      100%        8


Dungeon Overview and Level Annotations

Branches:
Dungeon (13/15)            Temple (1/1) D:6            Lair (6/6) D:11
  Swamp (4/4) Lair:2       Spider (4/4) Lair:4        Slime (0/5) Lair:5
    Orc (2/2) D:10            Elf (0/3) Orc:2        Vaults (4/5) D:13
  Crypt (0/3) Vaults:2

Altars:
Ashenzari
Cheibriados
Dithmenos
Elyvilon
Fedhas
Gozag
Hepliaklqana
Kikubaaqudgha
Makhleb
Nemelex Xobeh
Okawaru
Qazlal
Ru
Sif Muna
Trog
Uskayaw
Vehumet
Wu Jian
Xom
Yredelemnul
Zin
The Shining One
Beogh
Jiyva

Shops:
D:3 *   D:5 [   D:6 :   Orc:1 [   Orc:2 :?[((*=*   Vaults:3 (

Annotations:
D:11 Snorg


Innate Abilities, Weirdness & Mutations

You have blades for hands.
Your spellcasting is less reliable in this form.
You are incapable of wielding weapons or throwing items.
You have a pair of horns on your head.
You reflexively headbutt those who attack you in melee.


Message History

You slice the centaur warrior!! You headbutt the centaur warrior!
The centaur warrior is heavily wounded.
You howl as the wereblood boils in your veins!
The centaur warrior closely misses you. You furiously retaliate!
You headbutt the centaur warrior!!
The centaur warrior kicks you but does no damage.
The centaur warrior shoots an arrow.
The arrow hits you!
An ironbound frostheart comes into view.
The centaur warrior shoots an arrow.
The arrow closely misses you.
You shred the centaur warrior!!!
You feel a bit better.
You kill the centaur warrior!
Cheibriados thoroughly appreciates the change of pace.
The ironbound frostheart calls freezing cold from the walls.
The frost grips you. You partially resist.
You are encased in ice.
The centaur warrior shoots an arrow.
The arrow hits you!
You slice the centaur warrior!!
You feel a bit better.
You kill the centaur warrior!
Cheibriados thoroughly appreciates the change of pace.
The centaur warrior shoots an arrow.
The arrow hits you!
Unknown command.
You feel yourself speed up. The ice encasing you melts away.
The centaur warrior shoots an arrow.
The arrow closely misses you.
The centaur warrior wields a +0 longbow.
The centaur warrior shoots an arrow.
The arrow hits you but does no damage.
The centaur warrior shoots an arrow.
The arrow hits you!
The ironbound frostheart calls freezing cold from the walls.
The frost grips you!! You partially resist.
* * * LOW HITPOINT WARNING * * *
You are encased in ice.
The centaur warrior shoots an arrow.
The arrow hits you!
* * * LOW HITPOINT WARNING * * *
The centaur warrior shoots an arrow.
The arrow hits you!
* * * LOW HITPOINT WARNING * * *
The centaur warrior shoots an arrow.
The arrow hits you.
* * * LOW HITPOINT WARNING * * *
The ironbound frostheart calls freezing cold from the walls.
The frost grips you!! You partially resist.
You die...

#.# ...# #...# #.#..#
...#+#...# #.#..#
......p# ..#..# #.....#
..#..# +.....+ ..#..#
##.....## >.#..#
#..cc)..# ..#..#
#c..#'#...# ###..#
#.J.##@## ..# .....#
#...##...## . .....#
#.J.##..^..## .....#
..c##.......# ###..#
.c#####...#####. ..#..#
.c...c#...#$.... ..#..#
#######...#####
8.#..###########'########
###......................


You could see an ironbound frostheart and 2 centaur warriors.

Vanquished Creatures
  Mara (Vaults:2)
  A golden dragon (Vaults:3)
  The ghost of Taocaav the Crack Shot, an adept CeHu of Okawaru (Spider:1)
  Asterion (Vaults:2)
  An Executioner (Abyss:3)
  Gastronok (Lair:3)
  A sphinx (Vaults:1)
  3 thorn hunters
  A storm dragon (Vaults:2)
  Donald (Vaults:1)
  5 emperor scorpions
  4 orc warlords (Orc:2)
  6 vault wardens
  5 ghost moths
  11 ironbound preservers
  A very ugly thing (Vaults:1)
  A stone giant (Vaults:2)
  A deep elf annihilator (Vaults:2)
  6 entropy weavers
  A starcursed mass (Abyss:3)
  3 bunyips (Swamp:4)
  A spark wasp (Spider:4)
  A crystal guardian (Vaults:1)
  4 eleionomae
  An ettin (Orc:1)
  Josephine (D:11)
  4 yaktaur captains
  Fannar (D:11)
  2 great orbs of eyes
  5 boulder beetles
  6 vault guards
  2 peacekeepers
  A catoblepas (Lair:6)
  4 ironbound thunderhulks
  28 hydras
  Erica (D:8)
  2 centaur warriors (Vaults:1)
  3 ironbound frosthearts
  3 alligators
  A deep troll shaman (Lair:6)
  A satyr (Abyss:3)
  10 death yaks
  2 ironbound beastmasters (Vaults:3)
  A vampire mage (Vaults:2)
  A spriggan berserker (Swamp:1)
  2 thrashing horrors (Abyss:3)
  The ghost of Gorgormcgor the Covert, a novice OpDe of Okawaru (Lair:3)
  A deep elf knight (D:13)
  An orc high priest (Orc:2)
  5 skeletal warriors (D:13)
  A shadow wraith (Abyss:3)
  3 wretched stars (Abyss:3)
  22 deep trolls
  A sixfirhy (Abyss:3)
  13 swamp dragons
  A deep elf archer (D:13)
  4 bog bodies
  4 goliath frogs
  A glowing orange brain (Vaults:2)
  7 ironbound convokers
  4 large abominations (Abyss:3)
  A phantasmal warrior (Vaults:2)
  8 lindwurms
  5 wizards
  7 orc knights
  3 harpies (Vaults:1)
  18 orb spiders
  A necromancer (Vaults:1)
  5 ugly things
  26 wolf spiders
  A manticore (D:11)
  A will-o-the-wisp (Swamp:4)
  4 orc sorcerers
  6 elephants
  A worldbinder (Abyss:3)
  2 moths of wrath
  2 vault sentinels
  A stone giant skeleton (Vaults:1)
  An apocalypse crab (Abyss:3)
  4 black mambas
  13 cane toads
  4 torpor snails
  14 yaktaurs
  4 ancient zymes (Abyss:3)
  A rime drake (Lair:6)
  15 komodo dragons
  A tengu conjurer (D:13)
  2 freezing wraiths
  10 demonic crawlers
  30 jumping spiders
  7 trolls
  7 hornets
  A bloated husk (Swamp:4)
  11 tyrant leeches
  4 polar bears
  21 blink frogs
  8 slime creatures
  6 dream sheep (Lair:6)
  60 redbacks
  2 spriggans
  A vampire (Abyss:3)
  A shadow (D:7)
  A flying skull (Vaults:2)
  39 yaks
  A ynoxinul (Abyss:3)
  27 tarantellas
  7 wyverns
  3 wraiths (D:11)
  A basilisk (Lair:6)
  A chaos spawn (Abyss:3)
  A human (D:13)
  A catoblepas simulacrum (Abyss:3)
  A steam dragon (D:9)
  13 swamp worms
  10 vampire mosquitoes
  2 wargs
  12 water moccasins
  8 swamp drakes
  A sky beast (D:6)
  4 ice beasts
  37 orc warriors
  4 black bears
  2 hornet zombies
  8 ogres
  A necrophage (D:5)
  18 wolves
  5 centaurs
  7 bullfrogs
  A kobold brigand (D:11)
  A human skeleton (Vaults:1)
  A glowing shapeshifter simulacrum (Vaults:1)
  2 scorpions
  A water moccasin zombie (D:5)
  2 small abominations (Abyss:3)
  A wight (D:5)
  3 centaur zombies
  A hound (D:5)
  2 jellies
  Crazy Yiuf (D:7)
  2 bullfrog zombies (D:5)
  2 human zombies
  3 bullfrog skeletons
  4 centaur skeletons
  20 orc priests
  2 iguanas
  20 orc wizards
  2 hound zombies (D:5)
  2 mummies (D:5)
  4 gnolls (D:5)
  2 adders (D:4)
  2 river rats (D:11)
  3 ufetubi
  A dart slug (D:1)
  66 orcs
  4 bats
  7 endoplasms
  A giant cockroach (D:1)
  3 goblins
  3 hobgoblins
  4 jackals (D:3)
  4 quokkas
  A frilled lizard (D:3)
  6 kobolds
  7 rats
  A lurking horror (Abyss:3)
  A plant (Lair:6)
941 creatures vanquished.

Vanquished Creatures (others)
  An eleionoma (Swamp:4)
  2 bloated husks (Swamp:3)
  A redback (Spider:3)
  4 foxfires (Swamp:4)
  19 fungi
  16 plants
43 creatures vanquished.

Grand Total: 984 creatures vanquished

Notes
Turn   | Place    | Note
-------+----------+-------------------------------------------
     0 | D:1      | nxtlvl the Minotaur Transmuter began the quest for the Orb.
     0 | D:1      | Reached XP level 1. HP: 16/16 MP: 1/1
   135 | D:1      | Found a faded altar of an unknown god.
   144 | D:1      | Reached XP level 2. HP: 17/23 MP: 0/3
   156 | D:1      | Reached skill level 4 in Unarmed Combat
   631 | D:3      | Reached XP level 3. HP: 28/28 MP: 2/4
   651 | D:3      | Learned a level 2 spell: Wereblood
   685 | D:3      | Found Zin's Purification Station.
   685 | D:3      | Found a glowing silver altar of Zin.
   902 | D:4      | Noticed an ogre
   929 | D:5      | Entered Level 5 of the Dungeon
   982 | D:5      | Noticed a necrophage
   985 | D:5      | Killed a necrophage
   986 | D:5      | Reached skill level 5 in Unarmed Combat
   986 | D:5      | Reached XP level 4. HP: 26/35 MP: 2/5
   986 | D:5      | Reached XP level 5. HP: 30/40 MP: 2/6
   997 | D:5      | Found a basalt altar of Yredelemnul.
  1006 | D:5      | Reached skill level 6 in Unarmed Combat
  1248 | D:5      | Reached XP level 6. HP: 45/47 MP: 4/7
  1274 | D:5      | Reached skill level 7 in Unarmed Combat
  1376 | D:5      | Found Hoyrghus's Antique Armour Emporium.
  1495 | D:5      | Reached XP level 7. HP: 39/52 MP: 4/8
  1499 | D:5      | Reached skill level 8 in Unarmed Combat
  1847 | D:5      | Bought a tattered robe for 125 gold pieces
  1847 | D:5      | Identified the +1 robe of Gonozoax {Dex+3} (You bought it
                  | in a shop on level 5 of the Dungeon)
  1885 | D:6      | Reached skill level 9 in Unarmed Combat
  1890 | D:6      | Reached XP level 8. HP: 50/59 MP: 7/9
  1927 | D:6      | Found a staircase to the Ecumenical Temple.
  1946 | D:6      | Reached skill level 5 in Transmutations
  1984 | Temple   | Entered the Ecumenical Temple
  2301 | D:6      | Reached skill level 10 in Unarmed Combat
  2401 | D:7      | Learned a level 5 spell: Blade Hands
  2587 | D:6      | Found Xasmioc's Self-Improvement Boutique.
  2758 | D:7      | Found a runed translucent door.
  2759 | D:7      | Noticed Crazy Yiuf
  2768 | D:7      | Killed Crazy Yiuf
  2963 | D:7      | Reached XP level 9. HP: 61/64 MP: 6/10
  2996 | D:7      | Found a stormy altar of Qazlal.
  3068 | D:7      | Noticed a troll
  3078 | D:7      | Killed a troll
  3132 | D:7      | Found an ancient bone altar of Kikubaaqudgha.
  3194 | D:8      | Noticed a +0 short sword
  3194 | D:8      | Noticed a +0 dagger
  3194 | D:8      | Noticed a +0 spear
  3194 | D:8      | Noticed a +0 dagger
  3195 | D:8      | Noticed a +0 falchion
  3201 | D:8      | Noticed a +0 short sword
  3203 | D:8      | Noticed a +0 falchion
  3203 | D:8      | Noticed a +0 spear
  3205 | D:8      | Found a hide-covered altar of Uskayaw.
  3271 | D:8      | Found an iron altar of Okawaru.
  3385 | D:8      | Found a snail-covered altar of Cheibriados.
  3393 | D:8      | Became a worshipper of Cheibriados the Contemplative
  3507 | D:8      | Noticed Erica
  3532 | D:8      | Killed Erica
  3533 | D:8      | Reached skill level 11 in Unarmed Combat
  3763 | D:9      | Reached XP level 10. HP: 43/71 MP: 7/11
  3802 | D:9      | Reached * piety under Cheibriados
  4135 | D:10     | Entered Level 10 of the Dungeon
  4307 | D:10     | Found a blossoming altar of Fedhas.
  4449 | D:10     | Found a staircase to the Orcish Mines.
  4543 | D:11     | Noticed Snorg
  4577 | D:11     | Noticed a death yak
  4577 | D:11     | Noticed a green ugly thing
  4577 | D:11     | Noticed a death yak
  4584 | D:11     | Killed a green ugly thing
  4585 | D:11     | Reached skill level 12 in Unarmed Combat
  4585 | D:11     | Reached skill level 10 in Transmutations
  4586 | D:11     | Noticed a death yak
  4593 | D:11     | Killed a death yak
  4593 | D:11     | Reached ** piety under Cheibriados
  4596 | D:11     | Killed a death yak
  4601 | D:11     | Killed a death yak
  4602 | D:11     | Reached XP level 11. HP: 57/77 MP: 6/12
  4603 | D:11     | Found a staircase to the Lair.
  4633 | Lair:1   | Entered Level 1 of the Lair of Beasts
  4792 | Lair:1   | Reached skill level 1 in Invocations
  4858 | Lair:2   | Found a staircase to the Swamp.
  4878 | Lair:2   | Identified the +2 robe "Ada Teum" {rF- Int+7 Dex+8 Stlth-}
  4906 | Lair:2   | Reached *** piety under Cheibriados
  4907 | Lair:2   | Reached skill level 13 in Unarmed Combat
  4927 | Lair:2   | Noticed a seven-headed hydra
  4934 | Lair:2   | Killed a seven-headed hydra
  5007 | Lair:2   | Noticed an eight-headed hydra
  5092 | Lair:2   | Noticed a six-headed hydra
  5095 | Lair:2   | Reached **** piety under Cheibriados
  5097 | Lair:2   | Reached skill level 5 in Dodging
  5101 | Lair:2   | Killed a six-headed hydra
  5102 | Lair:2   | Reached skill level 5 in Fighting
  5102 | Lair:2   | Reached XP level 12. HP: 70/94 MP: 5/13
  5168 | Lair:2   | Reached skill level 14 in Unarmed Combat
  5366 | Lair:3   | Noticed a five-headed hydra
  5385 | Lair:4   | Noticed a four-headed hydra
  5408 | Lair:4   | Noticed an eight-headed hydra
  5415 | Lair:4   | Killed an eight-headed hydra
  5446 | Lair:4   | Identified the +3 ring mail "Dotiudio" {rPois rF- rCorr
                  | Slay+3}
  5468 | Lair:4   | Killed a four-headed hydra
  5554 | Lair:4   | Noticed a four-headed hydra
  5560 | Lair:4   | Killed a four-headed hydra
  5561 | Lair:4   | Reached skill level 5 in Invocations
  5638 | Lair:3   | Killed a five-headed hydra
  5660 | Lair:3   | Reached skill level 15 in Unarmed Combat
  5687 | Lair:3   | Noticed Gorgormcgor's ghost (novice OpDe)
  5747 | Lair:3   | Found a runed translucent gate.
  5747 | Lair:3   | Found a runed translucent gate.
  5747 | Lair:3   | Found a runed translucent gate.
  5760 | Lair:3   | Reached ***** piety under Cheibriados
  5806 | Lair:3   | Killed Gorgormcgor's ghost
  5807 | Lair:3   | Reached XP level 13. HP: 107/107 MP: 5/16
  5817 | Lair:3   | Identified the ring of Wanu {+Blink AC+4 Str+3}
  5861 | Lair:3   | Noticed Gastronok
  5879 | Lair:3   | Killed Gastronok
  5995 | Lair:4   | Found a hole to the Spider Nest.
  6082 | Lair:5   | Found a viscous altar of Jiyva.
  6091 | Lair:5   | Found a staircase to the Slime Pits.
  6245 | Lair:6   | Entered Level 6 of the Lair of Beasts
  6268 | Lair:6   | Reached skill level 16 in Unarmed Combat
  6411 | Lair:6   | Reached ****** piety under Cheibriados
  6698 | Lair:6   | Reached skill level 10 in Fighting
  6706 | Lair:6   | Reached skill level 17 in Unarmed Combat
  6714 | Lair:6   | Reached XP level 14. HP: 99/121 MP: 11/17
  6734 | Lair:6   | Identified the +4 shortbow of the Ghost {flame, rPois rCorr
                  | Int+8 Dex-2}
  6738 | Lair:6   | Got Magic in Simple Steps
  7205 | D:6      | Bought a manual of Unarmed Combat for 880 gold pieces
  7332 | Orc:1    | Entered Level 1 of the Orcish Mines
  7426 | Orc:1    | Found Laseess's Armour Boutique.
  7454 | Orc:1    | Reached skill level 10 in Dodging
  7521 | Orc:2    | Entered Level 2 of the Orcish Mines
  7523 | Orc:2    | Found Mehu's Antique Weapon Shoppe.
  7572 | Orc:2    | Noticed an orc warlord
  7582 | Orc:2    | Killed an orc warlord
  7646 | Orc:2    | Paralysed by an orc sorcerer for 4 turns
  7659 | Orc:2    | Found Zoguolak's Antique Weapon Boutique.
  7682 | Orc:2    | Found Ebos's Antique Armour Boutique.
  7697 | Orc:2    | Found Ekkudghov's Jewellery Boutique.
  7714 | Orc:2    | Found Anoufeimp's General Store.
  7737 | Orc:2    | Bought a glowing arbalest for 315 gold pieces
  7750 | Orc:2    | Found Hodaqofi's Magic Scroll Emporium.
  7757 | Orc:2    | Found Camueraq's Book Shop.
  7758 | Orc:2    | Bought a scroll of teleportation for 33 gold pieces
  7758 | Orc:2    | Bought a scroll of noise for 11 gold pieces
  7762 | Orc:2    | Found a staircase to the Elven Halls.
  7880 | Orc:2    | Found Geemet's Assorted Antiques.
  7883 | Orc:2    | Reached skill level 18 in Unarmed Combat
  8012 | Orc:2    | Noticed an orc warlord
  8020 | Orc:2    | Noticed an orc warlord
  8030 | Orc:2    | Reached skill level 1 in Crossbows
  8034 | Orc:2    | Killed an orc warlord
  8034 | Orc:2    | Noticed an orc warlord
  8040 | Orc:2    | Killed an orc warlord
  8055 | Orc:2    | Killed an orc warlord
  8163 | Orc:2    | Found the +3 Elemental Staff {rElec rF++ rC++ Will++ AC+5}
  8165 | Orc:2    | Identified the +5 plate armour of Starshine {rPois rCorr
                  | MP-9 Stlth-}
  8367 | Orc:2    | Bought a scroll of acquirement for 572 gold pieces
  8369 | Orc:2    | Acquired the ring "Rizy" {*Slow rElec rPois rCorr SInv}
  8393 | Orc:1    | Bought a +0 pair of boots of stealth for 184 gold pieces
  8473 | Lair:2   | Reached skill level 1 in Armour
  8610 | Spider:1 | Entered Level 1 of the Spider Nest
  8629 | Spider:1 | Reached skill level 19 in Unarmed Combat
  8642 | Spider:1 | Reached XP level 15. HP: 73/130 MP: 2/19
  8759 | Spider:2 | Reached skill level 5 in Armour
  8776 | Spider:2 | Reached skill level 5 in Crossbows
  8864 | Spider:2 | Noticed a ghost moth
  8867 | Spider:2 | Killed a ghost moth
  9197 | Spider:4 | Entered Level 4 of the Spider Nest
  9212 | Spider:4 | Reached skill level 20 in Unarmed Combat
  9512 | Spider:4 | Noticed a ghost moth
  9514 | Spider:4 | Killed a ghost moth
  9595 | Spider:4 | Reached XP level 16. HP: 141/141 MP: 9/20
  9641 | Spider:4 | Got a gossamer rune of Zot
  9887 | Spider:1 | Found a runed translucent gate.
  9887 | Spider:1 | Found a runed translucent gate.
  9888 | Spider:1 | Found a runed translucent gate.
  9890 | Spider:1 | Noticed Taocaav's ghost (adept CeHu)
  9970 | Spider:1 | Killed Taocaav's ghost
  9971 | Spider:1 | Reached skill level 10 in Armour
  9989 | Spider:1 | Identified the +2 hat "Qiokhlich" {Slay+2}
 10119 | Swamp:1  | Entered Level 1 of the Swamp
 10127 | Swamp:2  | Found a shimmering altar of Xom.
 10249 | Swamp:3  | Reached skill level 21 in Unarmed Combat
 10439 | Swamp:4  | Entered Level 4 of the Swamp
 10533 | Swamp:4  | Reached skill level 10 in Crossbows
 10616 | Swamp:4  | Noticed a thorn hunter
 10627 | Swamp:4  | Killed a thorn hunter
 10635 | Swamp:4  | Noticed a thorn hunter
 10646 | Swamp:4  | Killed a thorn hunter
 10648 | Swamp:4  | Reached XP level 17. HP: 150/150 MP: 4/21
 10676 | Swamp:4  | Got a decaying rune of Zot
 10980 | Swamp:1  | Identified the +1 robe of Slimy Freedom {rF+ Regen+ Str+3}
 11107 | D:11     | Noticed Fannar
 11113 | D:11     | Killed Fannar
 11168 | D:11     | Identified the +11 quarterstaff "Naupefru" {drain, rElec
                  | rN+ rCorr Str+2}
 11278 | D:11     | Noticed Josephine
 11283 | D:11     | Killed Josephine
 11503 | D:13     | Found a gate to the Vaults.
 11513 | Vaults:1 | Entered Level 1 of the Vaults
 11513 | Vaults:1 | Noticed Donald
 11519 | Vaults:1 | Killed Donald
 11808 | Vaults:2 | Noticed Asterion
 11810 | Vaults:2 | Paralysed by a great orb of eyes for 6 turns
 11819 | Vaults:2 | Killed Asterion
 11884 | Vaults:2 | Noticed Mara
 11892 | Vaults:2 | Killed Mara
 11906 | Vaults:2 | Reached skill level 22 in Unarmed Combat
 11966 | Vaults:2 | Reached XP level 18. HP: 109/161 MP: 5/22
 12230 | Vaults:3 | Found Syqou's Weapon Shop.
 12252 | Vaults:3 | Noticed a golden dragon
 12331 | Vaults:3 | Cast into level 3 of the Abyss (a wizard)
 12616 | Abyss:3  | Got an abyssal rune of Zot
 12648 | Vaults:3 | Escaped the Abyss
 13063 | Vaults:3 | Killed a golden dragon
 13066 | Vaults:3 | Reached skill level 15 in Fighting
 13532 | Vaults:2 | Reached XP level 19. HP: 150/170 MP: 16/23
 13566 | Vaults:2 | Found a staircase to the Crypt.
 13754 | Vaults:1 | Killed from afar by an ironbound frostheart

Illustrated notes

Levels and vault maps discovered:
D:1:      minmay_arrival_diagonal_passages, layout_loops_cross,
          ebering_ecumenical_altar_sacrificial, serial_forest,
          infiniplex_forest_lined_corner, infiniplex_forest_clump_curved,
          infiniplex_forest_clump_cross, infiniplex_forest_straight_2,
          kennysheep_small_spiral
D:2:      cheibrodos_fertilizer, layout_basic, serial_corexii_hall,
          chequers_hall_statues_wall_a, corexii_hall_statues_l, basic_altar
D:3:      layout_basic, zin_purify, serial_bayou_pond_d, minivault_27
D:4:      layout_basic, minmay_box_of_dots
D:5:      layout_gridville, lemuel_mausoleum_altar_yredelemnul, serial_shops,
          nicolae_shop_crystal, hangedman_decor_push
D:6:      layout_gridville, minmay_temple_entry_tees, nicolae_shop_self_help
D:7:      layout_basic, lemuel_round_altar, serial_curves, eino_curves_02,
          eino_curves_01, st_stairs_4, minmay_ruined_shrine,
          uniq_crazy_yiuf_cottage
D:8:      layout_basic, okawaru_trees_2, cheibriados_altar_1,
          nicolae_uskayaw_en_pointe, uniq_erica
D:9:      layout_small_grid
D:10:     layout_small_grid, fedhas_altar_1, david_orc_3
D:11:     layout_roguey, dpeg_lair_monsters, minmay_lindwurm_lava, uniq_fannar,
          uniq_josephine, uniq_snorg
D:12:     layout_long_grid
D:13:     layout_rooms, grunt_vaults_entry_fortified
Temple:   regret_index_temple_generic_petals
Lair:1:   layout_regular_city, chequers_serial_rivers_small_3,
          lemuel_fruit_fields, grunt_megastairs_5, serial_bayou_shore_a
Lair:2:   layout_regular_city, swamp_mist, forest_entry_grove
Lair:3:   layout_misc_corridors, gammafunk_ghost_split, serial_bayou_lake_a,
          uniq_gastronok
Lair:4:   layout_hall_layers, nicolae_spider_entry_orb_guardian
Lair:5:   layout_cave_shapes, slime_altar_1
Lair:6:   grunt_lair_end_beastmaster, layout_regular_city, grunt_megastairs_4
Swamp:1:  layout_basic_swamp, evilmike_swamp_ruin_house_4, swamp_pool1,
          nicolae_swamp_orc_logging_accident
Swamp:2:  layout_basic_swamp, evilmike_swamp_ruin_house_5,
          lemuel_altar_in_water, swamp_pool2, st_swamp_ruins_3
Swamp:3:  layout_basic_swamp, gammafunk_ghost_hydra_chop,
          evilmike_swamp_ruin_house_1, swamp_pool2
Swamp:4:  swamp, layout_basic_swamp
Spider:1: layout_spider_delve, gammafunk_ghost_tricky_traps
Spider:2: layout_spider_delve
Spider:3: layout_chambers
Spider:4: grunt_spider_rune_island, hangedman_stitches_earthworm
Orc:1:    layout_diamond_mine, serial_shops, nicolae_shop_crystal,
          hellmonk_bongcloud_opening, rock_pile
Orc:2:    grunt_orc_cross, layout_caves, basic_altar, serial_shops,
          nicolae_shop_waterfront, shop, shop, shop_scrolls,
          nicolae_shop_statue_plus, minmay_orc_treasury
Vaults:1: nicolae_vaults_arrows, nicolae_vaults_network_star,
          ontoclasm_vaults_pinch, nicolae_vaults_quartermaster,
          ontoclasm_vaults_gateway, v_misc_12, grunt_vaults_hallway_short,
          layout_vaults_omnigrid, serial_shops, shop, uniq_donald
Vaults:2: minmay_crypt_entry_simple_statues, grunt_vaults_swirl,
          vaults_room_fancy_cross, nicolae_vaults_rhombus_7,
          nicolae_vaults_stairing_the_circle, v_pattern_5, v_misc_2,
          st_more_cells, v_misc_13, nicolae_vaults_theta,
          nicolae_vaults_little_ls, nicolae_vaults_sealed_display,
          vaults_dpeg_ring, layout_vaults_omnicross, uniq_mara, uniq_asterion
Vaults:3: st_lines, v_misc_30, hangedman_vaults_nodes,
          ontoclasm_vaults_misaligned, nicolae_vaults_ninety_degrees,
          vaults_room_octagon, nicolae_vaults_mini_display_case,
          layout_vaults_chaotic_city, serial_shops, shop
Vaults:4: hangedman_vaults_stitches, hangedman_vaults_trim,
          ontoclasm_vaults_shuriken, v_rooms_4, vaults_room_ringed_pool,
          ontoclasm_vaults_misaligned, v_misc_1, vaults_room_stairs_pillars,
          vaults_room_fancy_cross, grunt_vaults_funnel,
          vaults_standard_mumra_lines, vaults_room_semicircle,
          nicolae_vaults_shelves_hall, nicolae_vaults_shelves_hall,
          layout_vaults_omnibox

Skill      XL: |  1  2  3  4  5  6  7  8  9 10 11 12 13 14 15 16 17 18 19 |
---------------+----------------------------------------------------------+-----
Unarmed Combat | 4 5 6 7 9 10 11 12 13 15 17 19 20 21 22 | 22.8
Transmutations | 2 3 4 6 8 10 11 | 11.0
Invocations    | 3 6 7 |  7.0
Fighting       | 5 7 10 11 12 13 14 15 | 15.2
Dodging        | 5 7 9 10 11 12 | 12.2
Crossbows      | 3 7 10 12 14 | 14.1
Armour         | 3 8 11 13 14 | 14.2
Spellcasting   | |  1.9

Action                   |  1- 3 |  4- 6 |  7- 9 | 10-12 | 13-15 | 16-18 | 19-21 || total
-------------------------+-------+-------+-------+-------+-------+-------+-------++-------
Melee: Unarmed           |    67 |    75 |   202 |   273 |   472 |   493 |    45 ||  1627
       Headbutt          |     9 |    17 |    63 |    82 |   138 |   172 |    14 ||   495
       Kick              |     1 |     6 |    18 |    12 |       |     6 |       ||    43
       Punch             |     1 |     7 |    11 |    31 |    56 |    78 |     3 ||   187
       Arbalest          |       |       |       |       |       |     1 |       ||     1
 Fire: Hunting sling     |       |       |     7 |       |       |       |       ||     7
       Arbalest          |       |       |       |       |    57 |   127 |       ||   184
Throw: Dart              |       |       |    10 |       |       |       |       ||    10
 Cast: Beastly Appendage |     7 |     6 |    11 |     6 |       |     1 |       ||    31
       Wereblood         |     1 |     8 |    26 |    29 |    42 |    36 |     2 ||   144
       Blade Hands       |       |       |       |    25 |    45 |    53 |     3 ||   126
Invok: Temporal Distorti |       |       |       |       |     2 |     4 |       ||     6
       Slouch            |       |       |       |       |     6 |     5 |       ||    11
 Abil: End Transformatio |       |       |       |     4 |     6 |     7 |       ||    17
Evoke: Wand              |       |       |     7 |    18 |     8 |     5 |       ||    38
       Lightning rod     |       |       |       |       |     8 |       |       ||     8
  Use: Scroll            |       |     2 |       |    11 |     8 |    13 |       ||    34
       Potion            |       |       |     6 |     1 |     2 |     1 |       ||    10
 Stab: Sleeping          |     1 |     1 |       |     1 |       |       |       ||     3
       Distracted        |       |       |     1 |       |       |       |       ||     1
       Invisible         |       |       |       |       |     2 |       |       ||     2
Armor: Robe              |     5 |     2 |    28 |       |       |       |       ||    35
       Scale mail        |     5 |       |       |       |       |       |       ||     5
       Ring mail         |       |     3 |     9 |    20 |   207 |     4 |       ||   243
       Troll leather arm |       |       |    15 |    71 |       |     4 |       ||    90
       Plate armour      |       |       |       |       |       |   217 |       ||   217
       Gold dragon scale |       |       |       |       |       |    15 |    29 ||    44
Dodge: Dodged            |    29 |    49 |    95 |   179 |   532 |   363 |    29 ||  1276
